 Dungeon Crawl Stone Soup version 0.31-a0-200-gbc41564c69 (webtiles) character file.

Game seed: 12187785392095514814

69 qw the Shooter (level 4, -1/25 HPs)
             Began as a Deep Elf Hunter on June 25, 2023.
             Slain by an orc wizard
             ... wielding a +0 dagger
              (2 damage)
             ... on level 3 of the Dungeon.
             The game lasted 00:00:37 (2245 turns).

qw the Shooter (Deep Elf Hunter)                    Turns: 2245, Time: 00:00:38

Health: -1/25      AC:  5    Str: 10    XL:     4   Next: 2%
Magic:  6/6        EV: 11    Int: 14    God:
Gold:   185        SH:  0    Dex: 18    Spells: 3/3 levels left

rFire   . . .        Y - +0 shortbow
rCold   . . .        (shield currently unavailable)
rNeg    . . .        j - +0 ring mail
rPois   .            (no helmet)
rElec   .            (no cloak)
rCorr   .            (no gloves)
SInv    .            (no boots)
Will    .....        (no amulet)
Stlth   +            (no ring)
HPRegen 0.24/turn    (no ring)
MPRegen 0.10/turn

%: no passive effects
@: no status effects
A: no striking features
a: no special abilities


You were on level 3 of the Dungeon.
You visited 1 branch of the dungeon, and saw 3 of its levels.

You collected 185 gold pieces.


   Skills:
 - Level 1.5 Fighting
 + Level 7.4 Ranged Weapons
 - Level 2.4 Dodging
 - Level 1.2 Stealth


You had 3 spell levels left.
You didn't know any spells.
Your spell library was empty.

Inventory:

Hand Weapons
 Y - a +0 shortbow (weapon)
Armour
 b - a +0 pair of gloves
 i - the +2 leather armour "Ryceq" {*Slow rF+ Int+5}
   (You found it on level 2 of the Dungeon)

   Int:       It affects your intelligence (+5).
   rF:        It protects you from fire.
   *Slow:     It may slow you when you take damage.
 j - a +0 ring mail (worn)
Jewellery
 k - a ring of protection from fire
Scrolls
 a - a scroll of identify
 c - a scroll of vulnerability {unknown}
Potions
 d - a potion of cancellation
 e - a potion of curing
 f - a potion of lignification {unknown}
 g - a potion of degeneration {unknown}
 h - 2 potions of enlightenment {unknown}

Dungeon Overview and Level Annotations

Branches:
Dungeon (3/15)

Altars:
Cheibriados


Message History

Enter note:
Enter note: You now have 185 gold pieces (gained 12).
You see here an adder skeleton.
There is an open door here. 3 orcs and 2 orc wizards come into view.
Found a stone staircase leading up.
The orc shouts!
The orc wizard shouts! x2; The orc shouts!
The orc moves out of view.
Enter note:
Enter note:
Enter note:
Enter note:
Enter note:
Enter note:
2238 ||| Stepping ~*~*~tactically~*~*~ (outnumbered).
You shoot an arrow. The arrow hits the orc.
The orc is severely wounded.
You shoot an arrow.
The arrow hits the orc but does no damage.
The orc is severely wounded.
You shoot an arrow. The arrow barely misses the orc.
The orc hits you with a +0 mace.
The orc wizard hits you but does no damage.
The orc hits you with a +0 mace.
The orc wizard hits you with a +0 dagger.
You shoot an arrow. The arrow barely misses the orc.
The orc barely misses you. The orc hits you with a +0 mace.
The orc wizard closely misses you.
You shoot an arrow. The arrow barely misses the orc.
The orc hits you but does no damage. The orc barely misses you.
You shoot an arrow. The arrow closely misses the orc.
The orc hits you from afar with a +0 trident.
The orc hits you with a +0 mace.
The orc wizard hits you but does no damage.
You shoot an arrow. The arrow hits the orc!
You kill the orc!
The orc barely misses you.
The orc wizard hits you with a +0 dagger.
You die...

#.....#####.######.##.#.#
###.....# #...#..#.#..#.#
#....[..#######.#.##.##.#.#
#.#.#+#.......#.#.##.##.#.#
#.#.........#.#.#.##.##.#.#
#.###.#####.#.#.#.##.##.#.#
#. .......#.#...#.##.##.#.#
##### .#..#.#####.##.##.#.#
#.##.#@# #....##.#.#
#....o)# #######.#.#
####o### ..........## #o
#######..... #< ###### #.
#o #o #.


You could see an orc wizard and 2 orcs.

Vanquished Creatures
  2 adders
  A worm (D:3)
  A dart slug (D:2)
  An orc (D:3)
  2 bats (D:2)
  5 endoplasms
  4 giant cockroaches
  4 hobgoblins
  2 quokkas (D:2)
  7 ball pythons
  2 frilled lizards
  3 goblins
  6 kobolds
  8 rats
48 creatures vanquished.

Notes
Turn   | Place    | Note
-------+----------+-------------------------------------------
     0 | D:1      | qw the Deep Elf Hunter began the quest for the Orb.
     0 | D:1      | Reached XP level 1. HP: 12/12 MP: 3/3
     0 | D:1      | 0 ||| qw: Version: 0.3-a-22-g0ed2b0b
     0 | D:1      | 0 ||| qw: Game counter: 5496
     0 | D:1      | 0 ||| qw: Melee chars always use a shield: true
     0 | D:1      | 0 ||| qw: God list: Okawaru
     0 | D:1      | 0 ||| qw: Allow faded altars: false
     0 | D:1      | 0 ||| qw: Do Orc after clearing Dungeon:15 true
     0 | D:1      | 0 ||| qw: Do second Lair branch before Depths: true
     0 | D:1      | 0 ||| qw: Lair rune preference: random
     0 | D:1      | 0 ||| qw: Goals: Normal
     0 | D:1      | 0 ||| PLANNING D:1-11
    99 | D:1      | Reached skill level 6 in Ranged Weapons
    99 | D:1      | Reached XP level 2. HP: 16/16 MP: 4/4
   676 | D:1      | 676 ||| READING scroll labelled FYADUIT KEPN.
   677 | D:1      | 677 ||| DROPPING scroll of butterflies.
   903 | D:2      | Found a faded altar of an unknown god.
  1061 | D:2      | Reached XP level 3. HP: 20/20 MP: 5/5
  1324 | D:2      | Identified the +2 leather armour "Ryceq" {*Slow rF+ Int+5}
  1355 | D:2      | Reached skill level 7 in Ranged Weapons
  1506 | D:2      | 1506 ||| UPGRADING to +2 leather armour "Ryceq" {*Slow rF+
                  | Int+5}.
  1516 | D:2      | 1516 ||| DROPPING +0 leather armour.
  1517 | D:2      | 1517 ||| UPGRADING to +0 ring mail.
  1527 | D:2      | 1527 ||| READING scroll labelled QYCUHI DIWARPH.
  1528 | D:2      | 1528 ||| DRINKING 2 black potions.
  1529 | D:2      | 1529 ||| READING 2 scrolls of identify.
  1529 | D:2      | 1529 ||| IDENTIFYING fizzy green potion
  1803 | D:3      | Found a snail-covered altar of Cheibriados.
  1914 | D:3      | Reached XP level 4. HP: 25/25 MP: 6/6
  2238 | D:3      | 2238 ||| Stepping ~*~*~tactically~*~*~ (outnumbered).
  2244 | D:3      | HP: 6/25 [orc/+0 trident (5)]
  2244 | D:3      | HP: 1/25 [orc/+0 mace (5)]
  2245 | D:3      | Slain by an orc wizard

Levels and vault maps discovered:
D:1:      giann_forest_graveyard, layout_loops_ring, grunt_decor_mini_mirrors,
          minmay_tetromino_o2
D:2:      layout_loops_corners, dreamdust_ecumenical_altar_statues,
          kennysheep_nub
D:3:      layout_basic, general_overflow_altar,
          chequers_temple_overflow_statue_of_worship

Skill      XL: |  1  2  3 |
---------------+----------+-----
Ranged Weapons | 6 7 |  7.4
Fighting       | |  1.5
Dodging        | |  2.4
Stealth        | |  1.2

Action                     |  1- 3 |  4- 6 || total
---------------------------+-------+-------++-------
   Fire: Shortbow          |   123 |    11 ||   134
    Use: Scroll            |     3 |       ||     3
         Potion            |     1 |       ||     1
 Armour: Leather armour    |     5 |       ||     5
         Ring mail         |     4 |     3 ||     7
  Dodge: Dodged            |    26 |     4 ||    30

Table legend:
 A = Non-vault XP
 B = Vault XP
 C = Vault XP percentage of total XP
 D = Non-vault monster count
 E = Vault monster count
 F = Vault count percentage of total count
                 A         B        C        D         E       F
            +---------+---------+-------+---------+---------+-------
      Total |      99 |       3 |   2.9 |      46 |       2 |   4.2
            +---------+---------+-------+---------+---------+-------
        D:1 |      23 |       3 |  11.5 |      17 |       2 |  10.5
        D:2 |      39 |       0 |   0.0 |      16 |       0 |   0.0
        D:3 |      37 |       0 |   0.0 |      13 |       0 |   0.0
            +---------+---------+-------+---------+---------+-------
